 Dungeon Crawl Stone Soup version 0.29.1-1-gd02db6906a (webtiles) character file.

Game seed: 17760140387100809701

30 Icepheonix32 the Trooper (level 3, -2/27 (33) HPs)
             Began as a Minotaur Fighter on Oct 18, 2022.
             Slain by Terence
             ... wielding the +7 Throatcutter {drain, coup de grace}
              (3 damage)
             ... on level 2 of the Dungeon.
             The game lasted 00:00:48 (831 turns).

Icepheonix32 the Trooper (Minotaur Fighter)          Turns: 831, Time: 00:00:48

HP:   -2/27 (33)    AC:  8    Str: 20    XL:     3   Next: 5%
MP:   2/2           EV:  9    Int:  5    God:
Gold: 93            SH:  4    Dex: 11    Spells: 2/2 levels left

rFire   . . .      SeeInvis .   a - +0 war axe
rCold   . . .      Faith    .   c - +0 buckler
rNeg    . . .      Spirit   .   b - +0 scale mail
rPois   .          Reflect  .   (helmet restricted)
rElec   .          Harm     .   (no cloak)
rCorr   +          Rampage  .   (no gloves)
Will    .....                   j - +0 pair of boots
Stlth   ..........              (no amulet)
HPRegen 0.09/turn               i - ring of resist corrosion
MPRegen 0.08/turn               (no ring)

@: mighty, heavily drained
A: horns 2, retaliatory headbutt
a: no special abilities


You were on level 2 of the Dungeon.
You visited 1 branch of the dungeon, and saw 2 of its levels.

You collected 93 gold pieces.

Inventory:

Hand Weapons
 a - a +0 war axe (weapon)
Armour
 b - a +0 scale mail (worn)
 c - a +0 buckler (worn)
 j - a +0 pair of boots (worn)
Jewellery
 i - a ring of resist corrosion (left hand)
Scrolls
 e - a scroll of teleportation {unknown}
 g - a scroll of noise {unknown}
 h - a scroll of magic mapping {unknown}
Potions
 f - a potion of heal wounds {unknown}
 k - a potion of ambrosia {unknown}


   Skills:
 * Level 4.3 Fighting
 + Level 2.5 Axes
 + Level 4.2 Armour
 + Level 3.9 Shields


You had 2 spell levels left.
You didn't know any spells.
Your spell library contained the following spells:

 Spells                   Type           Power      Damage    Failure   Level
 Slow                     Hex            0%         N/A       88%         1
 Confusing Touch          Hex            0%         N/A       99%         3
 Vampiric Draining        Necr           0%         2d6       99%         3


Dungeon Overview and Level Annotations

Branches:
Dungeon (2/15)

Altars:

Annotations:
D:2 Terence


Innate Abilities, Weirdness & Mutations

You have a pair of horns on your head.
You reflexively headbutt those who attack you in melee.


Message History

No target in view!
No target in view!
k - a sapphire potion No target in view!
A worm comes into view.
You slash the worm!
The worm is moderately wounded.
The worm bites you.
You slash the worm!
You kill the worm!
You have reached level 3!
Your experience leads to an increase in your attributes!
Increase (S)trength, (I)ntelligence, or (D)exterity?
You feel agile. x2
Found a robe.
Terence the Incautious comes into view.
He is wielding the +7 Throatcutter {drain, coup de grace} and wearing a +3 scale mail of fire resistance.
Terence shouts!
Found a stone staircase leading down.
You feel very mighty all of a sudden.
Terence hits you with the +7 Throatcutter {drain, coup de grace}!
You feel drained.
You closely miss Terence.
Terence hits you with the +7 Throatcutter {drain, coup de grace}.
You feel drained.
Terence hits you with the +7 Throatcutter {drain, coup de grace}!
Ouch! That really hurt!
* * * LOW HITPOINT WARNING * * *
You feel drained.
* * * LOW HITPOINT WARNING * * *
You barely miss Terence. Terence misses you.
Unknown command.
You closely miss Terence.
Terence hits you with the +7 Throatcutter {drain, coup de grace}.
* * * LOW HITPOINT WARNING * * *
You feel drained.
Unknown command.
You slash Terence!
Terence is heavily wounded.
Terence hits you with the +7 Throatcutter {drain, coup de grace}.
You die...

#.# #.# #>#
######.# #.#
....#..# #.#
.†.#...#####.###.#
###...............
.......#######.#.#
#####.## #.#@#
#####.# ###.#@#
......# #.....#
############.#.#.#
...# #...........#
...###.#####.#.#.#
.....#.# #.....#
.....#.# ###.###
.....#.# #.#
.......# #.#


You could see Terence.

Vanquished Creatures
  2 worms (D:2)
  A dart slug (D:1)
  A ball python (D:1)
  2 endoplasms
  2 giant cockroaches
  2 hobgoblins
  3 jackals (D:2)
  2 quokkas (D:1)
  2 bats (D:1)
  3 goblins (D:1)
20 creatures vanquished.

Notes
Turn   | Place    | Note
-------+----------+-------------------------------------------
     0 | D:1      | Icepheonix32 the Minotaur Fighter began the quest for the
                  | Orb.
     0 | D:1      | Reached XP level 1. HP: 19/19 MP: 0/0
    92 | D:1      | Reached XP level 2. HP: 23/27 MP: 1/1
   320 | D:1      | Found a faded altar of an unknown god.
   737 | D:2      | Reached XP level 3. HP: 29/33 MP: 2/2
   825 | D:2      | Noticed Terence
   830 | D:2      | HP: 1/28 [Terence/the +7 Throatcutter {drain, coup de
                  | grace} (3)]
   831 | D:2      | Slain by Terence

Illustrated notes

Levels and vault maps discovered:
D:1:      matt_arrival_los_fun, layout_basic, dilly_ecumenical_altar_fadedgnrine
D:2:      layout_loops_ring, minmay_3d_cube, uniq_terence, uniq_robin,
          uniq_crazy_yiuf_cottage

Skill      XL: |  1  2 |
---------------+-------+-----
Armour         | 4 |  4.2
Fighting       | 4 |  4.3
Axes           | |  2.5
Shields        | |  3.9

Action                   || total
-------------------------++-------
Melee: War axe           ||    42
       Headbutt          ||     7
  Use: Potion            ||     1
Armor: Scale mail        ||    15
Dodge: Dodged            ||    17
Block: Buckler           ||     9
